 Dungeon Crawl Stone Soup version 0.29.0-5-ge4962eb29e (webtiles) character file.

Game seed: 14327450362716320186

516 sanka the Chopper (level 7, -1/59 HPs)
             Began as a Ghoul Fire Elementalist on Aug 29, 2022.
             Slain by a phantom (5 damage)
             ... on level 4 of the Dungeon.
             The game lasted 00:06:24 (4920 turns).

sanka the Chopper (Ghoul Fire Elementalist)         Turns: 4920, Time: 00:06:24

Health: -1/59      AC:  9    Str: 14    XL:     7   Next: 20%
Magic:  8/8        EV:  6    Int: 10    God:
Gold:   191        SH:  0    Dex:  9    Spells: 8/9 levels left

rFire   . . .      SeeInvis +   o - +0 executioner's axe
rCold   + . .      Faith    .   (shield currently unavailable)
rNeg    + + +      Spirit   .   s - +0 chain mail
rPois   ∞          Reflect  .   c - +0 helmet {SInv}
rElec   .          Harm     .   (no cloak)
rCorr   .          Rampage  .   (no gloves)
Will    .....                   (no boots)
Stlth   ..........              (no amulet)
HPRegen 0.00/turn               (no ring)
MPRegen 0.11/turn               (no ring)

@: inhibited regen
A: claws 1, cold resistance 1, negative energy resistance 3, inhibited
regeneration, torment resistance 2, devour on kill
a: no special abilities


You were on level 4 of the Dungeon.
You visited 1 branch of the dungeon, and saw 5 of its levels.

You collected 191 gold pieces.


Innate Abilities, Weirdness & Mutations

You are immune to poison.
You have sharp fingernails.
Your flesh is cold resistant. (rC+)
You are immune to negative energy. (rN+++)
You do not regenerate when monsters are visible.
You are immune to unholy pain and torment.
You thrive by killing the living.


   Skills:
 - Level 4.0 Fighting
 + Level 5.1(5.3) Axes
 - Level 2.0(3.8) Polearms
 - Level 1.7 Dodging
 - Level 2.1 Stealth
 - Level 1.7 Spellcasting
 - Level 0.7 Conjurations
 - Level 2.4 Fire Magic


You had 8 spell levels left.
You knew the following spells:

 Your Spells              Type           Power      Damage    Failure   Level
y - Foxfire               Conj/Fire      16%        2x1d4     99%         1

Your spell library contained the following spells:

 Spells                   Type           Power      Damage    Failure   Level
 Scorch                   Fire           10%        2d6       99%         2
 Conjure Flame            Conj/Fire      4%         6-21      100%        3
 Inner Flame              Hex/Fire       3%         N/A       100%        3
 Flame Wave               Conj/Fire      4%         2d5       100%        4

Inventory:

Hand Weapons
 d - a +0 spear
 j - a +2 whip of venom
 o - a +0 executioner's axe (weapon)
Armour
 a - a +0 robe
 c - a +0 helmet of see invisible (worn)
 s - a +0 chain mail (worn)
Scrolls
 f - 2 scrolls of enchant weapon {unknown}
 g - a scroll of torment {unknown}
 h - a scroll of teleportation {unknown}
 l - a scroll of fear {unknown}
 m - 2 scrolls of immolation {unknown}
 p - a scroll of acquirement {unknown}
 r - 2 scrolls of identify {unknown}
Potions
 b - a potion of magic
 e - 2 potions of lignification {unknown}
 i - a potion of resistance {unknown}
 k - a potion of brilliance {unknown}
 n - 2 potions of might {unknown}
 q - a potion of curing {unknown}
 t - a potion of heal wounds {unknown}

Dungeon Overview and Level Annotations

Branches:
Dungeon (5/15)
 Temple: D:4-7

Altars:
Ashenzari
Sif Muna

▒▒▒▒▒▒
▒▒.▒▒▒▒▒▒▒.▒.▒▒.▒▒
.g...▒
▒..........▒.....▒
▒▒▒▒.▒
▒..▒▒▒▒▒▒▒▒▒▒▒▒.▒▒ ▒)▒
▒..▒ ▒..▒ ▒.▒ ▒.[▒
▒.▒▒ ▒▒▒▒g▒ ▒..▒ ▒.▒
...▒.▒ ▒..▒ ▒.▒
▒▒.▒.▒▒▒▒▒▒▒▒▒▒▒..▒
▒.▒ ▒.▒...g.<.....Wn.▒
▒.▒ ▒.▒▒▒▒▒▒▒▒▒▒▒▒▒.▒▒
▒[▒ ▒▒.▒▒▒▒▒▒▒▒▒ ▒.▒
▒.▒ ...........▒ ▒.▒
▒.▒ ▒▒▒.▒▒▒▒▒▒.▒ ▒.▒
▒.▒ ▒.▒ ▒.▒ ▒.▒ ▒.▒
▒.▒ ▒.▒▒▒▒▒>▒ ▒.▒ ▒.▒
▒.......▒ ▒.▒ ▒.▒
▒▒▒▒▒▒▒▒▒▒▒▒▒▒▒▒▒▒▒▒.▒


You could see a phantom.


Message History

The phantom is moderately damaged.
The phantom hits you but does no damage.
Unknown command.
You barely miss the phantom.
The phantom is moderately damaged.
The phantom hits you.
* * * LOW HITPOINT WARNING * * *
The phantom blinks!
You blink.
The phantom barely misses you.
Unknown command.
You completely miss the phantom.
The phantom is moderately damaged.
The phantom hits you but does no damage.
The phantom barely misses you.
Unknown command.
You barely miss the phantom.
The phantom is moderately damaged.
The phantom hits you but does no damage.
Unknown command.
Unknown command.
You barely miss the phantom.
The phantom is moderately damaged.
The phantom hits you but does no damage.
The phantom hits you but does no damage.
Unknown command.
You closely miss the phantom.
The phantom is moderately damaged.
The phantom hits you.
You die...

Action                   |  1- 3 |  4- 6 |  7- 9 || total
-------------------------+-------+-------+-------++-------
Melee: Unarmed           |    18 |       |       ||    18
       Spear             |    43 |       |       ||    43
       Whip              |    37 |   182 |    33 ||   252
       Executioner's axe |       |       |    30 ||    30
       Punch             |       |       |     1 ||     1
 Cast: Foxfire           |    29 |       |       ||    29
 Stab: Sleeping          |     3 |     4 |       ||     7
Armor: Robe              |    21 |    40 |       ||    61
       Chain mail        |       |    23 |    36 ||    59
Dodge: Dodged            |    83 |    98 |    27 ||   208

Levels and vault maps discovered:
D:1:      dpeg_arrival_another_circle, layout_loops_ring,
          minmay_misc_feat_diagonals
D:2:      layout_loops_ring, hellmonk_ecumenical_altar_crossroads
D:3:      layout_basic, mainiacjoe_overflow_small_starburst,
          cheibrodos_ashenzari_chains
D:4:      layout_loops_ring, uniq_eustachio
D:5:      wander_river, layout_cave_pools

Notes
Turn   | Place    | Note
-------+----------+-------------------------------------------
     0 | D:1      | sanka the Ghoul Fire Elementalist began the quest for the
                  | Orb.
     0 | D:1      | Reached XP level 1. HP: 14/14 MP: 2/2
    57 | D:1      | Reached skill level 1 in Fighting
   282 | D:1      | Reached XP level 2. HP: 24/24 MP: 1/3
   336 | D:1      | Reached skill level 2 in Fighting
   727 | D:1      | Reached skill level 1 in Polearms
   982 | D:1      | Reached XP level 3. HP: 22/29 MP: 0/4
  1658 | D:2      | Reached skill level 2 in Polearms
  2075 | D:2      | Reached XP level 4. HP: 31/37 MP: 5/5
  2174 | D:2      | Found a faded altar of an unknown god.
  2565 | D:2      | Reached skill level 3 in Fighting
  2619 | D:3      | Found a shimmering blue altar of Sif Muna.
  3014 | D:3      | Reached skill level 4 in Fighting
  3162 | D:3      | Reached XP level 5. HP: 46/46 MP: 6/6
  3263 | D:3      | Reached skill level 1 in Axes
  3442 | D:3      | Found a broken altar of Ashenzari.
  3523 | D:4      | Reached skill level 2 in Axes
  3587 | D:4      | Reached XP level 6. HP: 34/52 MP: 7/7
  3710 | D:4      | Noticed Eustachio
  3724 | D:4      | Killed Eustachio
  3725 | D:4      | Reached skill level 4 in Axes
  3969 | D:4      | Identified a +1 robe of resistance
  4089 | D:4      | Reached XP level 7. HP: 24/59 MP: 8/8
  4693 | D:5      | Entered Level 5 of the Dungeon
  4711 | D:5      | Reached skill level 5 in Axes
  4916 | D:4      | HP: 4/59 [phantom (6)]
  4920 | D:4      | Slain by a phantom

Vanquished Creatures
  Eustachio (D:4)
  A scorpion (D:4)
  A hound (D:5)
  An orc priest (D:4)
  2 iguanas (D:4)
  An orc wizard (D:4)
  7 adders
  3 gnolls (D:4)
  6 dart slugs
  5 orcs (D:4)
  9 endoplasms
  A giant cockroach (D:4)
  7 goblins
  8 hobgoblins
  5 jackals (D:3)
  4 quokkas
  3 ball pythons
  5 bats
  4 frilled lizards
  9 kobolds
  5 rats
88 creatures vanquished.

Vanquished Creatures (others)
  50 foxfires
50 creatures vanquished.

Grand Total: 138 creatures vanquished
